 Dungeon Crawl Stone Soup version 0.28.0-53-g5a82cb258f (webtiles) character file.

Game seed: 6651637218727963068

0 jjjjhere the Vexing (level 1, 0/16 HPs)
             Began as a Ghoul Arcane Marksman on Sept 3, 2022.
             Slain by a kobold
             ... wielding a +0 club
              (2 damage)
             ... on level 1 of the Dungeon.
             The game lasted 00:00:11 (50 turns).

jjjjhere the Vexing (Ghoul Arcane Marksman)           Turns: 50, Time: 00:00:12

Health: 0/16       AC:  2    Str: 13    XL:     1   Next: 10%
Magic:  1/1        EV: 12    Int:  8    God:
Gold:   0          SH:  0    Dex:  9    Spells: 1/2 levels left

rFire   . . .      SeeInvis .   (no weapon)
rCold   + . .      Faith    .   (no shield)
rNeg    + + +      Spirit   .   a - +0 robe
rPois   ∞          Reflect  .   (no helmet)
rElec   .          Harm     .   (no cloak)
rCorr   .          Rampage  .   (no gloves)
Will    .....                   (no boots)
Stlth   +.........              (no amulet)
HPRegen 0.00/turn               (no ring)
MPRegen 0.07/turn               (no ring)

@: inhibited regen
A: claws 1, cold resistance 1, negative energy resistance 3, inhibited
regeneration, torment resistance 2
a: no special abilities


You were on level 1 of the Dungeon.
You visited 1 branch of the dungeon, and saw 1 of its levels.

Inventory:

Missiles
 b - 4 javelins (quivered)
 c - 2 throwing nets
Armour
 a - a +0 robe (worn)


   Skills:
 + Level 1.1 Fighting
 - Level 1.7 Throwing
 - Level 1.7 Dodging
 * Level 0.1 Unarmed Combat
 - Level 1.0 Spellcasting
 - Level 2.4 Hexes


You had one spell level left.
You knew the following spells:

 Your Spells              Type           Power      Damage    Failure   Level
a - Slow                  Hex            16%        N/A       16%         1

Your spell library contained the following spells:

 Spells                   Type           Power      Damage    Failure   Level
 Inner Flame              Hex/Fire       2%         N/A       58%         3
 Portal Projectile        Hex/Tloc       4%         N/A       58%         3
 Cause Fear               Hex            2%         N/A       83%         4


Dungeon Overview and Level Annotations

Branches:
Dungeon (1/15)

Altars:


Innate Abilities, Weirdness & Mutations

You thrive by killing the living.
You are immune to poison.
You have sharp fingernails.
Your flesh is cold resistant. (rC+)
You are immune to negative energy. (rN+++)
You do not regenerate when monsters are visible.
You are immune to unholy pain and torment.


Message History

Welcome, jjjjhere the Ghoul Arcane Marksman.
The Orb of Zot is coveted for many reasons.
Will you seize it for your own?
Press ? for a list of commands and other information.
Found a staircase leading out of the dungeon.
There is a staircase leading out of the dungeon here.
Key pressed, stopping explore.
A ball python comes into view.
Found a mace.
The ball python hisses angrily.
You barely miss the ball python. The ball python bites you.
The ball python grabs you. The ball python constricts you.
You scratch the ball python.
You kill the ball python!
You feel better.
Found a stone staircase leading down.
A kobold comes into view. It is wielding a +0 club.
The kobold shouts!
A rat comes into view.
The kobold throws a stone.
The stone misses you.
There are monsters nearby!
The kobold throws a stone.
The stone misses you.
You barely miss the rat. The rat closely misses you.
You closely miss the rat. The rat bites you.
You scratch the rat but do no damage. The kobold closely misses you.
The rat closely misses you.
You barely miss the kobold. The kobold hits you with a +0 club.
The rat barely misses you.
You closely miss the kobold. The kobold hits you with a +0 club.
The rat bites you.
You closely miss the kobold. The kobold closely misses you. The rat bites you.
Throw: 5 javelins
Press: ? - help, Q - select action, (/) - cycle Shift-Dir - straight line, f - kobold
Aim: a kobold, wielding a +0 club and quivering stones (43% to hit)
You throw a javelin. The javelin barely misses the kobold.
The kobold hits you but does no damage. The rat bites you.
* * * LOW HITPOINT WARNING * * *
The kobold hits you with a +0 club.
You die...

#...#....# #...##(..#
#........####.#
#...............
#......>......##
#...#...#######
#...#...# #...#.Kr#
#...#.@.# ♣♣♣ #...#...#
♣♣♣♣♣.♣
#.......#♣♣♣♣♣....♣♣♣.♣
###.....#♣.♣♣...<....♣
#.....#♣♣...♣...♣♣♣..
#..........♣.♣♣♣♣
#.........♣.♣♣
#....##♣♣♣♣♣♣ #.......


You could see a kobold and a rat.

Vanquished Creatures
  A ball python (D:1)
1 creature vanquished.

Notes
Turn   | Place    | Note
-------+----------+-------------------------------------------
     0 | D:1      | jjjjhere the Ghoul Arcane Marksman began the quest for the
                  | Orb.
     0 | D:1      | Reached XP level 1. HP: 16/16 MP: 1/1
    46 | D:1      | HP: 5/16 [rat (2)]
    50 | D:1      | HP: 2/16 [rat (3)]
    50 | D:1      | Slain by a kobold

Illustrated notes

Levels and vault maps discovered:
D:1:      roderic_dead_forest, layout_basic, minmay_heptomino_h4

Action                   || total
-------------------------++-------
Melee: Unarmed           ||     8
Throw: Javelin           ||     1
Armor: Robe              ||     1
Dodge: Dodged            ||     7
